 Dungeon Crawl Stone Soup version 0.25.0-9-g26727b657a (webtiles) character file.

Game seed: 2057541931931037754

199906 HungrySpirit the Fighter (level 18, -1/172 HPs)
             Began as an Octopode Venom Mage on June 16, 2020.
             Was the Champion of Cheibriados.
             Slain by a five-headed hydra simulacrum (19 damage)
             ... in an ice cave.
             The game lasted 01:31:09 (31696 turns).

HungrySpirit the Fighter (Octopode Venom Mage)     Turns: 31696, Time: 01:31:10

Health: -1/172     AC: 31    Str: 26    XL:     18   Next: 49%
Magic:  34/44      EV: 27    Int: 57    God:    Cheibriados [******]
Gold:   605        SH:  7    Dex: 28    Spells: 20/43 levels left

rFire    + . .     SeeInvis .     - Unarmed
rCold    + . .     Gourm    .   M - +0 buckler
rNeg     + + +     Faith    .   (helmet restricted)
rPois    ∞         Spirit   .   a - amulet of regeneration
rElec    +         Reflect  .   F - +6 ring of intelligence
rCorr    .         Harm     .   H - ring of magical power
MR       +....                  N - +4 ring of evasion
Stlth    +++++.....             O - ring of poison resistance
HPRegen  0.78/turn              o - ring of Zeassusm {rF+ rC+ rN+ Str+3}
MPRegen  0.29/turn              Q - ring of positive energy
                                q - +6 ring of intelligence
                                C - +6 ring of intelligence

@: statue-form, very slow
A: almost no armour, stealthy swim, amphibious, 8 rings, constrict 8, camouflage
1
}: 1/15 runes: decaying
a: End Transformation, Bend Time, Temporal Distortion, Slouch, Step From Time,
Renounce Religion


You were in an ice cave.
You worshipped Cheibriados.
Cheibriados was exalted by your worship.
You were not hungry.
You were a stone statue.
You visited 5 branches of the dungeon, and saw 31 of its levels.
You also visited: Gauntlet and Ice Cave.

You collected 2907 gold pieces.
You spent 2302 gold pieces at shops.

Inventory:

Missiles
 K - 4 throwing nets (quivered)
Armour
 M - a +0 buckler (worn)
 X - a +0 kite shield of poison resistance
Magical Staves
 s - an uncursed staff of wizardry
 W - an uncursed staff of death
Jewellery
 a - an amulet of regeneration (around mantle)
 h - the ring "Ukafif" {rC+ MR- MP+9 Int+4}
   (You found it in a Gauntlet)

   [ring of magical power]

   It affects your intelligence (+4).
   It protects you from cold.
   It affects your resistance to hostile enchantments.
   It affects your magic capacity (+9).
 o - the ring of Zeassusm (on tentacle) {rF+ rC+ rN+ Str+3}
   (You bought it in a shop on level 10 of the Dungeon)

   [ring of protection from cold]

   It affects your strength (+3).
   It protects you from fire.
   It protects you from cold.
   It protects you from negative energy.
 q - a +6 ring of intelligence (on tentacle)
 x - an uncursed amulet of reflection
 C - a +6 ring of intelligence (on tentacle)
 F - a +6 ring of intelligence (left tentacle)
 H - a ring of magical power (right tentacle)
 N - a +4 ring of evasion (on tentacle)
 O - a ring of poison resistance (on tentacle)
 Q - a ring of positive energy (on tentacle)
 R - an uncursed ring of ice
Wands
 c - a wand of clouds (9)
 v - a wand of digging (7)
 B - a wand of flame (15)
 I - a wand of paralysis (11)
 J - a wand of iceblast (8)
 P - a wand of disintegration (30)
 V - a wand of acid (6)
 Z - a wand of enslavement (3)
Scrolls
 d - 6 scrolls of enchant weapon
 f - 15 scrolls of teleportation
 i - 5 scrolls of fog
 j - 12 scrolls of fear
 k - 3 scrolls of blinking
 l - 4 scrolls of magic mapping
 m - 5 scrolls of immolation
 n - 3 scrolls of amnesia
 p - 12 scrolls of remove curse
 w - 4 scrolls of enchant armour
 G - 2 scrolls of holy word
 U - 10 scrolls of identify
Potions
 e - 4 potions of brilliance
 g - 9 potions of might
 r - 12 potions of curing
 t - 4 potions of flight
 u - 3 potions of resistance
 y - 3 potions of mutation
 z - a potion of ambrosia
 A - 5 potions of lignification
 D - 2 potions of heal wounds
 E - 3 potions of stabbing
 L - 3 potions of cancellation
 S - 3 potions of magic
Comestibles
 b - 62 rations


   Skills:
 + Level 14.9 Fighting
   Level 4.0 Short Blades
 - Level 10.0 Dodging
 - Level 7.0 Stealth
 + Level 5.2 Shields
 + Level 11.0 Unarmed Combat
 - Level 13.0 Spellcasting
 - Level 5.0 Conjurations
 + Level 8.0 Summonings
 + Level 9.5 Transmutations
 - Level 6.4 Fire Magic
 + Level 7.9 Earth Magic
 - Level 10.0 Poison Magic
 - Level 10.0 Invocations


You had 20 spell levels left.
You knew the following spells:

 Your Spells              Type           Power        Failure   Level  Hunger
a - Statue Form           Tmut/Erth      #######..    1%          6    None
b - Fireball              Conj/Fire      #######...   1%          5    None
c - Summon Forest         Summ/Tloc      ######....   2%          5    None
h - Ignite Poison         Fire/Tmut/Pois #######.     1%          3    None
i - Olgreb's Toxic Radia  Pois           ########     1%          4    None

Your spell library contained the following spells:

 Spells                   Type           Power        Failure   Level  Hunger
 Beastly Appendage        Tmut           ######       0%          1    None
 Sting                    Tmut/Pois      ####         0%          1    None
 Summon Butterflies       Summ           #######.     0%          1    None
 Summon Small Mammal      Summ           ####         0%          1    None
 Sticks to Snakes         Tmut           #######.     0%          2    None
 Animate Skeleton         Necr           N/A          1%          1    None
 Apportation              Tloc           #####.       1%          1    None
 Corona                   Hex            #####..      1%          1    None
 Foxfire                  Conj/Fire      ####         1%          1    None
 Corpse Rot               Necr/Air       N/A          1%          2    None
 Poisonous Vapours        Pois/Air       ######       1%          2    None
 Call Canine Familiar     Summ           #######.     1%          3    None
 Confusing Touch          Hex            #####...     1%          3    None
 Conjure Flame            Conj/Fire      #######.     1%          3    None
 Gell's Gravitas          Tloc           #####.....   1%          3    None
 Inner Flame              Hex/Fire       ######..     1%          3    None
 Mephitic Cloud           Conj/Pois/Air  #######.     1%          3    None
 Recall                   Summ/Tloc      N/A          1%          3    None
 Spider Form              Tmut/Pois      #######...   1%          3    None
 Stone Arrow              Conj/Erth      ######       1%          3    None
 Ice Form                 Ice/Tmut       ######..     1%          4    None
 Petrify                  Tmut/Erth      #######.     1%          4    None
 Sticky Flame             Conj/Fire      #######.     1%          4    None
 Summon Ice Beast         Ice/Summ       ######..     1%          4    None
 Aura of Abjuration       Summ           #######...   1%          5    None
 Blade Hands              Tmut           #######...   1%          5    None
 Irradiate                Conj/Tmut      #######...   1%          5    None
 Summon Demon             Summ           #######...   1%          5    None
 Yara's Violent Unravell  Hex/Tmut       ######....   1%          5    None
 Eringya's Noxious Bog    Tmut/Pois      #######...   1%          6    None
 Hydra Form               Tmut           #######...   1%          6    None
 Borgnjor's Vile Clutch   Necr/Erth      ######....   2%          5    None
 Summon Mana Viper        Hex/Summ       ######..     2%          5    None
 Shadow Creatures         Summ           N/A          2%          6    None
 Animate Dead             Necr           N/A          4%          4    None
 Cause Fear               Hex            #####.....   4%          4    None
 Dragon Form              Tmut           #######...   7%          7    None
 Metabolic Englaciation   Hex/Ice        #####.....   11%         5    None
 Silence                  Hex/Air        #####.....   11%         5    None
 Summon Hydra             Summ           #######...   13%         7    None
 Death Channel            Necr           #####.....   52%         6    None
 Simulacrum               Ice/Necr       #####.....   52%         6    None
 Discord                  Hex            #####.....   100%        8    ###....


Dungeon Overview and Level Annotations

Branches:
Dungeon (15/15)            Temple (0/1) D:7            Lair (6/6) D:8
  Swamp (4/4) Lair:2        Snake (4/4) Lair:4        Slime (0/5) Lair:5
    Orc (2/2) D:12            Elf (0/3) Orc:2        Vaults (0/5) D:13
 Depths (0/5) D:15          IceCv (1/1)             Gauntlet (visited)

Altars:
Ashenzari
Cheibriados
Elyvilon
Gozag
Hepliaklqana
Nemelex Xobeh
Okawaru
Qazlal
Ru
Vehumet
Wu Jian
Xom
Zin
The Shining One
Beogh

Shops:
D:5 (   D:10 =   D:13 (   Orc:2 [:[=   Snake:2 *=!=

Annotations:
D:2 1 transporter
D:3 2 runed translucent doors, HungrySpirit's ghost, amateur OpVM
D:6 1 runed translucent door, vogonpoet's ghost, novice TeIE
Lair:2 exclusion: orange crystal statue
Lair:5 1 runed translucent door, exclusion: oklob plant, Panli's ghost, journeyman CeAM
Swamp:1 Roxanne


Innate Abilities, Weirdness & Mutations

You cannot wear most types of armour.
You are very stealthy in the water. (Stealth+)
You are amphibious.
You can wear up to eight rings at the same time.
You can use your tentacles to constrict eight enemies at once.
Your skin changes colour to match your surroundings (Stealth+).
((Your rubbery body absorbs attacks. (AC +1, EV +1)))


Message History

The five-headed hydra simulacrum bites you but does no damage.
The five-headed hydra simulacrum closely misses you.
You block the five-headed hydra simulacrum's attack.
The five-headed hydra simulacrum completely misses you.
The five-headed hydra simulacrum bites you.
* * * LOW HITPOINT WARNING * * *
The five-headed hydra simulacrum freezes you!
You resist.
* * * LOW HITPOINT WARNING * * *
You feel much better.
The five-headed hydra simulacrum bites you!
* * * LOW HITPOINT WARNING * * *
The five-headed hydra simulacrum freezes you!
You resist.
* * * LOW HITPOINT WARNING * * *
The five-headed hydra simulacrum bites you.
* * * LOW HITPOINT WARNING * * *
The five-headed hydra simulacrum freezes you!!
You resist.
You die...

#.###..####.##
##..#
#..###⌠.#
#..###..##
##.##...#
##..#...#
#...#..#
#.....##
##..#.##
##....#
#####.##
##..## ##.##.#
#..# #.Z#.##
#.##
#..ZZ..#8##
##. [$#..Z1#.#
# #.4.####
##.# ##


You could see a five-headed hydra simulacrum.

Vanquished Creatures
  Jorgrun (Swamp:1)
  Rupert (Orc:2)
  An Ice Fiend (IceCv)
  A thorn hunter (Swamp:4)
  4 nagarajas
  An emperor scorpion (D:15)
  Louise (Snake:1)
  Aizul (Snake:4)
  2 entropy weavers (Lair:4)
  Azrael (Snake:3)
  A minotaur (Gauntlet)
  An ettin (Orc:2)
  12 naga warriors
  A great orb of eyes (Gauntlet)
  A vault guard (D:13)
  3 catoblepae
  3 ghost crabs
  28 hydras
  2 death knights
  7 anacondas
  5 two-headed ogres
  A shambling mangrove (Swamp:4)
  6 alligators
  5 centaur warriors
  A tengu warrior (D:14)
  A queen ant (Lair:4)
  A shock serpent (Snake:1)
  4 naga sharpshooters
  3 salamander mystics
  2 skeletal warriors (D:12)
  A sea snake (Snake:2)
  2 unseen horrors (D:11)
  A glowing orange brain (shapeshifter) (D:15)
  3 naga ritualists (Snake:1)
  2 wizards
  2 phantasmal warriors
  10 swamp dragons
  A lindwurm (Lair:5)
  7 orc knights (Orc:2)
  A deep elf mage (D:12)
  20 ugly things
  9 salamanders
  A wolf spider (D:14)
  6 mana vipers (Snake:1)
  A wolf spider zombie (D:14)
  3 cyclopes
  2 guardian serpents
  5 manticores
  23 black mambas
  7 naga magi
  An ice statue (IceCv)
  2 torpor snails
  3 gargoyles
  14 spiny frogs
  8 freezing wraiths
  2 kobold demonologists
  An efreet (D:13)
  11 komodo dragons
  7 ice devils (IceCv)
  A golden dragon simulacrum (IceCv)
  A tengu conjurer (D:14)
  8 trolls
  3 anaconda simulacra (IceCv)
  11 tyrant leeches
  A merfolk (D:10)
  2 polar bears (Lair:6)
  18 hornets
  A harpy skeleton (D:13)
  11 dream sheep
  9 blink frogs (Lair:5)
  10 hippogriffs
  4 bog bodies
  7 slime creatures
  2 wraiths (D:15)
  3 centaur simulacra
  16 spriggans
  5 shadows
  57 yaks
  A vampire (D:11)
  5 wyverns
  2 dire elephant simulacra (IceCv)
  A steam dragon (D:11)
  Grum (D:10)
  2 hungry ghosts
  4 basilisks
  4 fire elementals
  A death yak simulacrum (IceCv)
  Edmund (D:6)
  13 insubstantial wisps
  A harpy simulacrum (IceCv)
  13 vampire mosquitoes
  A soldier ant (shapeshifter) (D:13)
  8 wargs (Orc:2)
  2 iron troll simulacra (IceCv)
  21 nagas
  5 soldier ants (Lair:4)
  14 swamp worms
  Duvessa (D:5)
  2 acid dragons
  18 water moccasins
  3 hell hounds
  3 hydra simulacra (IceCv)
  6 porcupines
  A meliai simulacrum (D:14)
  14 swamp drakes
  4 ice beasts
  4 black bears
  7 sky beasts
  2 ettin simulacra (IceCv)
  41 orc warriors
  A phantom (D:8)
  9 ogres
  31 wolves
  13 centaurs
  4 boggarts (Lair:6)
  10 crocodiles
  6 big kobolds
  15 bullfrogs
  A gnoll sergeant (D:5)
  Dowan (D:5)
  A scorpion (D:11)
  4 wights (D:14)
  12 electric eels
  5 killer bees (D:10)
  6 howler monkeys
  11 crimson imps
  2 bullfrog zombies
  5 draconian simulacra (IceCv)
  3 lava snakes (Lair:2)
  A quasit (D:14)
  A bullfrog skeleton (D:4)
  5 centaur zombies
  2 hounds
  4 jellies
  3 centaur skeletons
  10 orc priests
  4 iguanas
  19 orc wizards
  4 hell rats (Lair:5)
  20 worker ants
  A troll simulacrum (IceCv)
  3 hound zombies
  A worker ant zombie (D:7)
  10 gnolls
  A howler monkey skeleton (D:5)
  11 adders
  2 naga simulacra (IceCv)
  2 ogre simulacra (IceCv)
  4 river rats (Lair:5)
  4 shadow imps
  2 white imps (IceCv)
  12 ufetubi (IceCv)
  3 adder skeletons
  6 worms
  6 leopard geckos
  81 orcs
  8 giant cockroaches
  10 goblins
  6 hobgoblins
  13 jackals
  37 kobolds
  8 quokkas
  5 ball pythons
  A ball python skeleton (D:4)
  4 bats
  8 frilled lizards
  A jackal skeleton (D:4)
  A leopard gecko skeleton (D:4)
  2 quokka skeletons (D:4)
  29 rats
  A butterfly (Lair:2)
1130 creatures vanquished.

Vanquished Creatures (collateral kills)
  Frances (Swamp:1)
  A hydra (Swamp:4)
  A sea snake (Snake:2)
  A swamp dragon (Swamp:4)
  A salamander (Snake:2)
  4 insubstantial wisps (Swamp:1)
  8 nagas
  A swamp drake (Swamp:4)
  A plant (Snake:2)
19 creatures vanquished.

Vanquished Creatures (others)
  A swamp drake (Swamp:1)
  A white imp (Gauntlet)
  2 briar patches (Swamp:4)
  A bush (Lair:4)
  14 fungi
  15 plants
  5 snaplasher vines
39 creatures vanquished.

Grand Total: 1188 creatures vanquished

Notes
Turn   | Place    | Note
-------+----------+-------------------------------------------
     0 | D:1      | HungrySpirit the Octopode Venom Mage began the quest for
                  | the Orb.
     0 | D:1      | Reached XP level 1. HP: 11/11 MP: 3/3
   197 | D:1      | Reached XP level 2. HP: 16/17 MP: 5/5
   630 | D:2      | Reached XP level 3. HP: 15/22 MP: 3/6
   940 | D:2      | Reached skill level 1 in Fighting
  1324 | D:2      | Found a sparkling altar of Nemelex Xobeh.
  1324 | D:2      | Found a transporter.
  1381 | D:2      | Reached skill level 1 in Short Blades
  1381 | D:2      | Reached XP level 4. HP: 23/28 MP: 7/7
  1805 | D:2      | Found a glowing golden altar of the Shining One.
  2193 | D:3      | Reached XP level 5. HP: 34/34 MP: 8/8
  2315 | D:3      | Found a runed translucent door.
  2349 | D:3      | Noticed HungrySpirit's ghost (amateur OpVM)
  2378 | D:3      | Learned a level 4 spell: Olgreb's Toxic Radiance
  2382 | D:3      | Learned a level 3 spell: Ignite Poison
  2393 | D:3      | Found a runed translucent door.
  2430 | D:3      | Found a snail-covered altar of Cheibriados.
  2463 | D:3      | Reached skill level 5 in Poison Magic
  2805 | D:3      | Became a worshipper of Cheibriados the Contemplative
  2924 | D:4      | Reached skill level 2 in Fighting
  2924 | D:4      | Reached XP level 6. HP: 37/39 MP: 5/10
  3251 | D:4      | Got a transparent dagger
  3253 | D:4      | Identified the cursed +0 dagger "Xakkykka" {antimagic,
                  | Str+3 Int+2} (You found it on level 4 of the Dungeon)
  3279 | D:4      | Reached skill level 1 in Fire Magic
  3353 | D:4      | Reached * piety under Cheibriados
  3373 | D:4      | Noticed a sky beast
  3627 | D:4      | Killed a sky beast
  3627 | D:4      | Reached XP level 7. HP: 25/45 MP: 0/11
  3979 | D:4      | Found a glowing silver altar of Zin.
  3979 | D:4      | Noticed an angel
  3999 | D:5      | Entered Level 5 of the Dungeon
  4081 | D:5      | Found Lum Irphytz's Antique Weapon Boutique.
  4403 | D:5      | Found a hazy altar of Hepliaklqana.
  4605 | D:5      | Reached skill level 3 in Fighting
  4611 | D:5      | Reached ** piety under Cheibriados
  4673 | D:5      | Reached XP level 8. HP: 50/52 MP: 5/13
  4789 | D:5      | Noticed Duvessa
  4789 | D:5      | Noticed Dowan
  4797 | D:5      | Killed Duvessa
  4800 | D:5      | Killed Dowan
  4911 | D:5      | Found an opulent altar of Gozag.
  5574 | D:6      | Reached skill level 4 in Fighting
  5574 | D:6      | Reached skill level 1 in Unarmed Combat
  5673 | D:6      | Learned a level 3 spell: Mephitic Cloud
  5993 | D:6      | Found a shattered altar of Ashenzari.
  6139 | D:6      | Found a runed translucent door.
  6168 | D:6      | Noticed vogonpoet's ghost (novice TeIE)
  6436 | D:6      | Noticed Edmund
  6444 | D:6      | Killed Edmund
  6615 | D:7      | Reached XP level 9. HP: 54/58 MP: 15/15
  6669 | D:7      | Reached *** piety under Cheibriados
  6837 | D:7      | Reached skill level 5 in Stealth
  7040 | D:7      | Found a staircase to the Ecumenical Temple.
  7249 | D:7      | Found an iron altar of Okawaru.
  7386 | D:8      | Found a shimmering altar of Xom.
  7387 | D:8      | Found a shimmering altar of Xom.
  7387 | D:8      | Found a shimmering altar of Xom.
  7387 | D:8      | Found a shimmering altar of Xom.
  7387 | D:8      | Found a shimmering altar of Xom.
  7655 | D:8      | Reached skill level 5 in Spellcasting
  7731 | D:8      | Noticed a faun
  7734 | D:8      | Noticed a polar bear
  7755 | D:8      | Reached **** piety under Cheibriados
  7755 | D:8      | Reached skill level 5 in Fighting
  7791 | D:8      | Noticed a hornet
  7833 | D:8      | Found a stormy altar of Qazlal.
  7850 | D:8      | Got an iridescent whip
  7851 | D:8      | Identified the +1 whip of the Forsaken Shrikes {freeze,
                  | +Inv Str+4} (You found it on level 8 of the Dungeon)
  8372 | D:8      | Noticed a komodo dragon
  8376 | D:8      | Killed a komodo dragon
  8376 | D:8      | Reached skill level 10 in Poison Magic
  8376 | D:8      | Reached XP level 10. HP: 66/66 MP: 6/18
  8457 | D:8      | Found a staircase to the Lair.
  8618 | D:8      | Noticed an alligator
  8622 | D:8      | Noticed a two-headed ogre
  8912 | D:8      | Noticed a five-headed hydra
  9042 | D:9      | Reached ***** piety under Cheibriados
  9120 | D:9      | Reached skill level 6 in Fighting
  9235 | D:9      | Found a white marble altar of Elyvilon.
  9247 | D:9      | Found an ornate altar of the Wu Jian Council.
  9248 | D:9      | Found a hazy altar of Hepliaklqana.
  9299 | D:9      | Found a radiant altar of Vehumet.
  9446 | D:9      | Reached skill level 5 in Dodging
  9737 | D:10     | Entered Level 10 of the Dungeon
 10270 | D:10     | Found Urhaifasch's Jewellery Shop.
 10458 | D:10     | Bought an uncursed ring of magical power for 340 gold
                  | pieces
 10469 | D:10     | Noticed Grum
 10474 | D:10     | Killed Grum
 10711 | D:10     | Reached skill level 1 in Conjurations
 10711 | D:10     | Reached skill level 1 in Invocations
 10711 | D:10     | Reached XP level 11. HP: 58/72 MP: 12/23
 11122 | D:10     | Learned a level 4 spell: Ice Form
 11541 | D:11     | Found a shattered altar of Ashenzari.
 11586 | D:11     | Noticed a two-headed ogre
 11751 | D:11     | Killed an unseen horror
 11925 | D:11     | Reached skill level 7 in Fighting
 11984 | D:11     | Noticed a green ugly thing
 12095 | Lair:1   | Entered Level 1 of the Lair of Beasts
 12363 | Lair:1   | Noticed a four-headed hydra
 12511 | Lair:1   | Reached ****** piety under Cheibriados
 12939 | Lair:2   | Reached skill level 5 in Unarmed Combat
 12939 | Lair:2   | Reached XP level 12. HP: 81/81 MP: 25/25
 13026 | Lair:2   | Learned a level 5 spell: Blade Hands
 13072 | Lair:2   | Reached skill level 5 in Invocations
 13266 | Lair:2   | Noticed an eight-headed hydra
 13316 | Lair:2   | Reached skill level 1 in Shields
 13806 | Lair:3   | Learned a level 6 spell: Statue Form
 14550 | Lair:3   | Reached skill level 1 in Earth Magic
 14551 | Lair:3   | Reached skill level 8 in Fighting
 14552 | Lair:3   | Reached skill level 5 in Conjurations
 14946 | Lair:4   | Noticed a four-headed hydra
 14982 | Lair:4   | Noticed a five-headed hydra
 15077 | Lair:4   | Noticed an entropy weaver
 15079 | Lair:4   | Noticed an entropy weaver
 15791 | D:11     | Noticed a two-headed ogre
 15795 | D:11     | Killed a two-headed ogre
 15896 | D:11     | Reached skill level 10 in Spellcasting
 15903 | D:11     | Killed a two-headed ogre
 16064 | D:12     | Found a gate leading to a gauntlet.
 16075 | Gauntlet | Entered a Gauntlet
 16075 | Gauntlet | Found a transporter.
 16075 | Gauntlet | Found a transporter.
 16077 | Gauntlet | Found a transporter.
 16078 | Gauntlet | Found a transporter.
 16081 | Gauntlet | Found a transporter.
 16081 | Gauntlet | Found a transporter.
 16113 | Gauntlet | Found a transporter.
 16117 | Gauntlet | Found a runed translucent door.
 16119 | Gauntlet | Found a runed translucent door.
 16121 | Gauntlet | Found a transporter.
 16130 | Gauntlet | Noticed a wretched star
 16137 | Gauntlet | Found a transporter.
 16138 | Gauntlet | Noticed a great orb of eyes
 16151 | Gauntlet | Found a transporter.
 16155 | Gauntlet | Found a transporter.
 16158 | Gauntlet | Noticed a catoblepas
 16191 | Gauntlet | Reached XP level 13. HP: 89/89 MP: 27/27
 16191 | Gauntlet | Paralysed by a hornet for 2 turns
 16215 | Gauntlet | Found a transporter.
 16413 | Gauntlet | Killed a great orb of eyes
 16424 | Gauntlet | Got a translucent granite ring
 16495 | Gauntlet | Identified the cursed +0 mace "Arcanum" {chaos, rElec rC+
                  | MP+9 Dex+3}
 16495 | Gauntlet | Noticed a minotaur
 16511 | Gauntlet | Killed a minotaur
 16511 | Gauntlet | Reached skill level 9 in Fighting
 16511 | Gauntlet | Reached skill level 5 in Transmutations
 16519 | Gauntlet | Found the +10 zealot's sword {holy, *Rage rN+ EV+3}
 17316 | D:12     | Found a staircase to the Orcish Mines.
 17320 | D:12     | Reached skill level 5 in Earth Magic
 17388 | Orc:1    | Entered Level 1 of the Orcish Mines
 17388 | Orc:1    | Found a roughly hewn altar of Beogh.
 17563 | Orc:2    | Entered Level 2 of the Orcish Mines
 17766 | Orc:2    | Found a roughly hewn altar of Beogh.
 17812 | Orc:2    | Noticed Rupert
 17815 | Orc:2    | Paralysed by Rupert for 6 turns
 17825 | Orc:2    | Killed Rupert
 18019 | Orc:2    | Found Koch's Jewellery Emporium.
 18019 | Orc:2    | Found Aprito's Antique Armour Boutique.
 18133 | Orc:2    | Found Zasman's Armour Boutique.
 18134 | Orc:2    | Found Cizem's Book Emporium.
 18388 | Orc:2    | Found a staircase to the Elven Halls.
 18445 | Orc:2    | Reached skill level 10 in Fighting
 18509 | Orc:2    | Noticed an ettin
 18514 | Orc:2    | Killed an ettin
 18514 | Orc:2    | Reached XP level 14. HP: 99/99 MP: 18/29
 18685 | Orc:2    | Identified the ring "Ukafif" {rC+ MR- MP+9 Int+4} (You
                  | found it in a Gauntlet)
 19111 | D:10     | Bought the ring of Zeassusm {rF+ rC+ rN+ Str+3} for 841
                  | gold pieces
 19630 | Lair:4   | Killed an entropy weaver
 19861 | Lair:4   | Killed an entropy weaver
 19886 | Lair:4   | Found a staircase to the Snake Pit.
 20210 | Lair:4   | Found the +8 whip "Snakebite" {curare, rPois}
 20690 | Lair:5   | Found a runed translucent door.
 20690 | Lair:5   | Found a shimmering altar of Xom.
 20690 | Lair:5   | Noticed Panli's ghost (journeyman CeAM)
 20709 | Lair:5   | Identified the +5 scimitar of the Eternal Warrior {chaos,
                  | Str+4}
 20900 | Lair:5   | Found a staircase to the Slime Pits.
 21304 | Lair:6   | Entered Level 6 of the Lair of Beasts
 21324 | Lair:6   | Reached skill level 11 in Fighting
 21386 | Lair:6   | Reached XP level 15. HP: 106/106 MP: 30/30
 23223 | D:13     | Found Luomuir's Weapon Shoppe.
 23364 | D:13     | Reached skill level 5 in Fire Magic
 23378 | D:13     | Found a gate to the Vaults.
 24180 | D:14     | Found a runed translucent door.
 24180 | D:14     | Found a runed translucent door.
 24405 | D:14     | Reached XP level 16. HP: 114/114 MP: 26/32
 24407 | D:14     | Reached skill level 10 in Dodging
 24753 | D:15     | Entered Level 15 of the Dungeon
 24757 | D:15     | Reached skill level 12 in Fighting
 25133 | D:15     | Found a sacrificial altar of Ru.
 25372 | D:15     | Found a staircase to the Depths.
 25522 | Orc:2    | Bought a book of Summonings for 1050 gold pieces
 25528 | Orc:2    | Learned a level 5 spell: Summon Forest
 25767 | Snake:1  | Entered Level 1 of the Snake Pit
 25933 | Snake:1  | Reached skill level 1 in Summonings
 25995 | Snake:1  | Noticed Louise
 26014 | Snake:1  | Killed Louise
 26374 | Snake:2  | Noticed a nagaraja
 26383 | Snake:2  | Killed a nagaraja
 26447 | Snake:2  | Noticed a nagaraja
 26448 | Snake:2  | Noticed a nagaraja
 26456 | Snake:2  | Killed a nagaraja
 26464 | Snake:2  | Found Quepoban's Distillery.
 26464 | Snake:2  | Found Zunusij's Jewellery Emporium.
 26464 | Snake:2  | Found Iwujimu's Assorted Antiques.
 26464 | Snake:2  | Found Taunehyo's Jewellery Shoppe.
 26481 | Snake:2  | Reached skill level 10 in Invocations
 26562 | Snake:2  | Bought a potion of curing for 42 gold pieces
 26565 | Snake:2  | Bought a coppery potion for 29 gold pieces
 26838 | Snake:2  | Reached XP level 17. HP: 121/121 MP: 34/34
 26845 | Snake:2  | Reached skill level 10 in Unarmed Combat
 27126 | Snake:2  | Reached skill level 5 in Summonings
 27143 | Snake:3  | Noticed Azrael
 27325 | Lair:2   | Found a staircase to the Swamp.
 27340 | Swamp:1  | Entered Level 1 of the Swamp
 27365 | Swamp:1  | Reached skill level 13 in Fighting
 27598 | Swamp:1  | Noticed Frances
 27609 | Swamp:1  | Killed Frances
 27783 | Swamp:1  | Noticed Jorgrun
 27807 | Swamp:1  | Killed Jorgrun
 27807 | Swamp:1  | Reached skill level 14 in Fighting
 28001 | Swamp:1  | Noticed Roxanne
 29508 | Swamp:4  | Entered Level 4 of the Swamp
 29854 | Swamp:4  | Reached XP level 18. HP: 132/132 MP: 35/35
 29917 | Swamp:4  | Learned a level 5 spell: Fireball
 30207 | Swamp:4  | Got a decaying rune of Zot
 30737 | Snake:3  | Killed Azrael
 31182 | Snake:4  | Entered Level 4 of the Snake Pit
 31182 | Snake:4  | Noticed Aizul
 31189 | Snake:4  | Killed Aizul
 31269 | Snake:4  | Found a frozen archway.
 31279 | IceCv    | Entered an ice cave
 31572 | IceCv    | Reached skill level 5 in Shields
 31678 | IceCv    | Noticed an Ice Fiend
 31693 | IceCv    | HP: 2/172 [Ice Fiend (16)]
 31694 | IceCv    | Killed an Ice Fiend
 31696 | IceCv    | Slain by a five-headed hydra simulacrum

Illustrated notes

Levels and vault maps discovered:
D:1:      minmay_arrival_split_and_join, layout_rooms, minmay_misc_feat_five
D:2:      layout_rooms, tso_metal_star, chequers_serial_rivers_micro_c,
          grunt_nemelex_the_gamble
D:3:      layout_loops_ring, cheibriados_altar_1, ebering_ghost_sewer_f,
          minmay_rat_hole
D:4:      cheibrodos_barr_body, layout_cave_pools, zin_angel, first_ration
D:5:      layout_basic, nicolae_gozag_seed_capital, basic_altar, serial_shops,
          nicolae_shop_stone, chequers_mini_garden, lightli_minifort,
          uniq_duvessa
D:6:      layout_basic, nicolae_overflow_crystal_walls,
          ebering_ghost_reflecting_pool, kennysheep_pointless_box,
          minmay_misc_feat_plants, uniq_edmund
D:7:      layout_cave_pools, kennysheep_little_box, minmay_temple_entry_waves
D:8:      layout_basic, grunt_qazlal_sundering, xom_shifter_show
D:9:      layout_irregular_city, nicolae_overflow_hidden_temple,
          vehumet_altar_wand_db, chequers_temple_overflow_statue_of_worship,
          serial_park_tiny_1
D:10:     layout_basic, serial_shops, shop, hangedman_fish_farm, uniq_grum
D:11:     minmay_slanted_spiral_squares, layout_basic,
          nicolae_ashenzari_panopticon
D:12:     layout_long_grid, erik_orc_2, gauntlet_entry_generic
D:13:     layout_roguey, david_vaults_4, serial_shops, nicolae_shop_behind_doors
D:14:     minmay_the_grid_triangle_9x9_recursive_3
          [minmay_the_grid_triangle_9x9_corrupted_corridor,
          minmay_the_grid_triangle_9x9_negative_grid,
          minmay_the_grid_triangle_9x9_steps,
          minmay_the_grid_triangle_9x9_prize_top_heavy,
          minmay_the_grid_triangle_9x9_odd_lines,
          minmay_the_grid_triangle_9x9_zippers_horizontal,
          minmay_the_grid_triangle_9x9_sparse_checkered,
          minmay_the_grid_triangle_9x9_stretched_checkered,
          minmay_the_grid_triangle_9x9_tough_junction], layout_rooms,
          nrook_uturn
D:15:     hangedman_depths_entry_try_elsewhere_first, layout_loops_cross,
          nicolae_ru_awakened_eye
Lair:1:   layout_regular_city
Lair:2:   layout_concentric_octagons, nicolae_swamp_entry_splash_gauntlet,
          disabler_island, serial_bayou_shore_b, lemuel_fruit_fields,
          serial_bayou_shore_a, lemuel_fruit_tree, infiniplex_staircase_pool_2
Lair:3:   layout_layer_cave, columned_hall_lemuel
Lair:4:   minmay_guarded_unrand_snakebite, layout_small_grid,
          minmay_snake_entry_guardpost_small, wad_woods_antlair
Lair:5:   layout_long_grid, minmay_slime_entry_oklob_open, ebering_ghost_xom,
          kennysheep_abandoned_house
Lair:6:   minmay_lair_end_enchanted_forest, layout_regular_city, pond
Swamp:1:  layout_basic_swamp, evilmike_swamp_ruin_house_1, grunt_witch_cave,
          uniq_jorgrun, uniq_roxanne, uniq_frances
Swamp:2:  layout_basic_swamp, evilmike_swamp_ruin_house_3
Swamp:3:  layout_falls_marsh, evilmike_swamp_ruin_house_2
Swamp:4:  swamp, layout_basic_swamp, infiniplex_staircase_pool
Snake:1:  layout_honeycomb, uniq_louise
Snake:2:  nicolae_snake_nest, layout_onion_interference, serial_bayou_pond_b,
          minmay_shoptagon
Snake:3:  layout_rooms, uniq_azrael
Snake:4:  snake_pit, layout_onion_interference, portal_ice_cave_entry_pillars_1,
          corexii_hall_statues_i, uniq_aizul
Orc:1:    layout_caves, basic_altar
Orc:2:    st_orc_town, layout_caves, nooodl_orcs_dogs, uniq_rupert
IceCv:    ice_cave_caverns_01

Skill      XL: |  1  2  3  4  5  6  7  8  9 10 11 12 13 14 15 16 17 18 |
---------------+-------------------------------------------------------+-----
Poison Magic   | 4 5 6 7 8 10 | 10.0
Stealth        | 3 4 6 7 |  7.0
Fighting       | 1 2 3 4 5 6 7 8 10 11 12 14 | 14.9
Short Blades   | 1 2 3 4 |  4.0
Transmutations | 2 4 6 8 9 |  9.5
Fire Magic     | 1 2 3 5 6 |  6.4
Spellcasting   | 3 4 5 8 9 10 11 12 13 | 13.0
Unarmed Combat | 1 3 5 6 8 9 10 11 | 11.0
Dodging        | 4 5 6 7 8 9 10 | 10.0
Conjurations   | 1 4 5 |  5.0
Invocations    | 1 4 5 6 8 10 | 10.0
Shields        | 4 5 |  5.2
Earth Magic    | 3 6 7 |  7.9
Summonings     | 4 7 8 |  8.0

Action                   |  1- 3 |  4- 6 |  7- 9 | 10-12 | 13-15 | 16-18 || total
-------------------------+-------+-------+-------+-------+-------+-------++-------
Melee: Unarmed           |    18 |       |       |    93 |   423 |   708 ||  1242
       Constrict         |    17 |    37 |    37 |    18 |    78 |    71 ||   258
       Tentacles         |    11 |    18 |    44 |    46 |   179 |   196 ||   494
       Dagger            |    48 |   147 |   182 |   116 |       |       ||   493
       Punch             |       |       |     5 |     9 |    41 |    90 ||   145
       Staff             |       |       |       |       |   103 |       ||   103
 Cast: Sting             |    20 |    39 |    27 |     6 |       |       ||    92
       Olgreb's Toxic Ra |       |     1 |    22 |    63 |    89 |    33 ||   208
       Ignite Poison     |       |       |    13 |    46 |    48 |    19 ||   126
       Mephitic Cloud    |       |       |     1 |     3 |       |       ||     4
       Ice Form          |       |       |       |    12 |     3 |       ||    15
       Statue Form       |       |       |       |       |    86 |    86 ||   172
       Blade Hands       |       |       |       |       |     1 |       ||     1
       Summon Forest     |       |       |       |       |       |    16 ||    16
       Fireball          |       |       |       |       |       |     9 ||     9
Invok: Slouch            |       |       |       |       |     3 |     3 ||     6
Evoke: Wand              |       |       |     7 |     8 |       |     4 ||    19
  Use: Potion            |       |     1 |       |       |     2 |     2 ||     5
       Scroll            |       |     2 |     2 |    26 |     3 |    13 ||    46
 Stab: Sleeping          |     6 |    12 |    12 |    12 |    13 |    13 ||    68
       Distracted        |       |       |       |     1 |     1 |     3 ||     5
       Invisible         |       |       |       |       |     6 |       ||     6
       Petrified         |       |       |       |       |     3 |       ||     3
  Eat: Chunk             |     1 |     8 |    10 |    11 |    14 |     8 ||    52
       Ration            |       |       |       |     1 |     3 |     3 ||     7
Armor: Skin              |     9 |     7 |     6 |    17 |   174 |   374 ||   587
Dodge: Dodged            |    40 |   106 |    96 |   128 |   699 |  1310 ||  2379
Block: Other             |       |       |    28 |    42 |     7 |       ||    77
       Reflection        |       |       |     1 |       |     2 |       ||     3
       Buckler           |       |       |       |       |   313 |   409 ||   722
